 Dungeon Crawl Stone Soup version 0.22.0-32-gbc6daba (webtiles) character file.

653 Lew the Skirmisher (level 7, -8/60 HPs)
             Began as a Gnoll Abyssal Knight on Aug 23, 2018.
             Was a Priest of Lugonu.
             Mangled by an ogre
             ... wielding a +0 giant spiked club
              (24 damage)
             ... on level 4 of the Dungeon.
             The game lasted 00:10:17 (3876 turns).

Lew the Skirmisher (Gnoll Abyssal Knight)           Turns: 3876, Time: 00:10:18

Health: -8/60      AC: 13    Str: 16    XL:     7   Next: 54%
Magic:  11/11      EV:  8    Int: 14    God:    Lugonu [***...]
Gold:   202        SH:  0    Dex: 15    Spells: 11/11 levels left

rFire    x . .     SeeInvis .   m - +0 war axe
rCold    + + .     Gourm    .   (no shield)
rNeg     . . .     Faith    .   b - +1 chain mail {MR+}
rPois    .         Spirit   .   f - +2 hat
rElec    .         Reflect  .   l - +0 cloak
rCorr    .         Harm     .   (no gloves)
MR       +....                  (no boots)
Stlth    ..........             j - amulet of rage
HPRegen  0.20/turn              (no ring)
MPRegen  0.12/turn              h - ring of ice

@: drained
A: distributed training, fangs 1, cold resistance 1, deterioration 1, strong
nose
a: Depart the Abyss, Bend Space, Banish, Renounce Religion, Evoke Berserk Rage


You were on level 4 of the Dungeon.
You worshipped Lugonu.
Lugonu was most pleased with you.
You were not hungry.

You visited 1 branch of the dungeon, and saw 4 of its levels.
You visited the Abyss 1 time.

You collected 202 gold pieces.

Inventory:

Hand Weapons
 a - a +2 hand axe
 e - a +2 hunting sling of freezing
 m - a +0 war axe (weapon)
Missiles
 d - 157 stones (quivered)
Armour
 b - a +1 chain mail of magic resistance (worn)
 f - a +2 hat (worn)
 g - a +0 pair of boots
 l - a +0 cloak (worn)
 o - a +0 scale mail
Jewellery
 h - a ring of ice (right hand)
 j - an amulet of rage (around neck)
 q - an uncursed ring of protection from fire {unknown}
Scrolls
 k - a scroll of amnesia
 p - a scroll of identify
Potions
 i - a potion of agility
 n - a potion of cancellation {unknown}
Comestibles
 c - 9 rations


   Skills:
 + Level 7.0(6.3) Fighting
 + Level 2.5(1.8) Short Blades
 + Level 2.5(1.8) Long Blades
 + Level 5.2(4.5) Axes
 + Level 2.5(1.8) Maces & Flails
 + Level 2.5(1.8) Polearms
 + Level 2.5(1.8) Staves
 + Level 2.5(1.8) Slings
 + Level 2.5(1.8) Bows
 + Level 2.5(1.8) Crossbows
 + Level 2.5(1.8) Throwing
 + Level 5.2(4.5) Armour
 + Level 3.6(2.9) Dodging
 + Level 2.5(1.8) Stealth
 + Level 2.5(1.8) Shields
 + Level 2.5(1.8) Unarmed Combat
 + Level 2.5(1.8) Spellcasting
 + Level 2.0(1.4) Conjurations
 + Level 2.0(1.4) Hexes
 + Level 2.0(1.4) Charms
 + Level 2.0(1.4) Summonings
 + Level 2.0(1.4) Necromancy
 + Level 2.0(1.4) Translocations
 + Level 2.0(1.4) Transmutations
 + Level 2.0(1.4) Fire Magic
 + Level 2.0(1.4) Ice Magic
 + Level 2.0(1.4) Air Magic
 + Level 2.0(1.4) Earth Magic
 + Level 2.0(1.4) Poison Magic
 + Level 5.4(4.7) Invocations
 + Level 2.5(1.8) Evocations


You had 11 spell levels left.
You didn't know any spells.
Your spell library was empty.

Dungeon Overview and Level Annotations

Branches:
Dungeon (4/15)
 Temple: D:4-7

Altars:
Ashenzari
Dithmenos
Makhleb
Vehumet


Innate Abilities, Weirdness & Mutations

Your experience applies equally to all skills.
You have very sharp teeth.
Your uncanny sense of smell can sniff out nearby items.
Your flesh is cold resistant. (rC+)
Your body sometimes deteriorates upon taking damage.


Message History

The orc is heavily wounded.
You barely miss the leopard gecko skeleton.
You hit the ogre. The orc closely misses you. The ogre barely misses you.
The leopard gecko skeleton bites you but does no damage.
Unknown command.
You slash the orc!
You kill the orc!
Lugonu accepts your kill.
You slash the ogre!
Your chain mail prevents you from hitting the leopard gecko skeleton.
The leopard gecko skeleton bites you but does no damage.
The ogre hits you with a giant spiked club!!
* * * LOW HITPOINT WARNING * * *
You are too injured to fight recklessly!
You hit the ogre. You bite the ogre, but do no damage.
The ogre is severely wounded.
You barely miss the leopard gecko skeleton.
The leopard gecko skeleton barely misses you.
The ogre hits you with a giant spiked club!!
You die...

...#...# . .#.....#.#
..... ###....#.# ##...).
.#.......# ..w....
...#...### ### .....#.
.#.....# ... ......_
#......###.##.. .....#.
........#...)..##O......
.....##....#####@Z..!...
.....#.....##.(()######.
#.##....#.###.####
..###..<......#
...........#######
.................####
#........#.#####....###
#........### ####...#
#.........### ###.#


You could see an ogre, a worm and a leopard gecko skeleton.

Vanquished Creatures
  An ogre (D:4)
  A hound (D:2)
  5 orc priests
  4 orc wizards
  A worker ant (D:4)
  7 adders
  5 gnolls
  3 oozes
  An adder skeleton (D:3)
  5 worms
  4 dart slugs
  A leopard gecko (D:4)
  17 orcs
  6 bats
  5 giant cockroaches
  8 goblins
  8 hobgoblins
  6 jackals
  13 kobolds
  A quokka (D:2)
  3 frilled lizards
  5 rats
110 creatures vanquished.

Vanquished Creatures (others)
  4 starspawn tentacles (Abyss:1)
4 creatures vanquished.

Grand Total: 114 creatures vanquished

Notes
Turn   | Place    | Note
-------+----------+-------------------------------------------
     0 | Abyss:1  | Lew the Gnoll Abyssal Knight began the quest for the Orb.
     0 | Abyss:1  | Reached XP level 1. HP: 23/23 MP: 3/3
    96 | Abyss:1  | Noticed a rakshasa
    96 | Abyss:1  | Noticed a tentacled starspawn
   108 | Abyss:1  | Noticed a starcursed mass
   111 | D:1      | Escaped the Abyss
   259 | D:1      | Reached XP level 2. HP: 16/29 MP: 5/5
   365 | D:1      | Reached XP level 3. HP: 29/35 MP: 6/6
   375 | D:1      | Reached * piety under Lugonu
   723 | D:1      | Reached skill level 1 in Short Blades
   723 | D:1      | Reached skill level 1 in Long Blades
   723 | D:1      | Reached skill level 1 in Maces & Flails
   723 | D:1      | Reached skill level 1 in Polearms
   723 | D:1      | Reached skill level 1 in Staves
   723 | D:1      | Reached skill level 1 in Slings
   723 | D:1      | Reached skill level 1 in Bows
   723 | D:1      | Reached skill level 1 in Crossbows
   723 | D:1      | Reached skill level 1 in Throwing
   723 | D:1      | Reached skill level 1 in Stealth
   723 | D:1      | Reached skill level 1 in Shields
   723 | D:1      | Reached skill level 1 in Unarmed Combat
   723 | D:1      | Reached skill level 1 in Spellcasting
   723 | D:1      | Reached skill level 1 in Evocations
   786 | D:2      | Gained mutation: Your body sometimes deteriorates upon taking damage. [potion of mutation]
   786 | D:2      | Gained mutation: Your flesh is cold resistant. (rC+) [potion of mutation]
   794 | D:2      | Found a burning altar of Makhleb.
   803 | D:2      | Reached XP level 4. HP: 36/41 MP: 7/7
   825 | D:2      | Reached skill level 1 in Conjurations
   825 | D:2      | Reached skill level 1 in Hexes
   825 | D:2      | Reached skill level 1 in Charms
   825 | D:2      | Reached skill level 1 in Summonings
   825 | D:2      | Reached skill level 1 in Necromancy
   825 | D:2      | Reached skill level 1 in Translocations
   825 | D:2      | Reached skill level 1 in Transmutations
   825 | D:2      | Reached skill level 1 in Fire Magic
   825 | D:2      | Reached skill level 1 in Ice Magic
   825 | D:2      | Reached skill level 1 in Air Magic
   825 | D:2      | Reached skill level 1 in Earth Magic
   825 | D:2      | Reached skill level 1 in Poison Magic
  1081 | D:2      | Reached ** piety under Lugonu
  1081 | D:2      | Reached XP level 5. HP: 31/47 MP: 8/8
  1375 | D:2      | Found a radiant altar of Vehumet.
  1890 | D:3      | Reached skill level 5 in Invocations
  1890 | D:3      | Reached XP level 6. HP: 51/53 MP: 9/9
  2116 | D:3      | Reached *** piety under Lugonu
  2117 | D:3      | HP: 3/79 [orc (4)]
  2464 | D:3      | Reached skill level 5 in Axes
  2464 | D:3      | Reached skill level 5 in Armour
  2676 | D:3      | Found a shadowy altar of Dithmenos.
  2978 | D:4      | Reached XP level 7. HP: 13/59 MP: 10/10
  3208 | D:4      | Reached skill level 7 in Fighting
  3863 | D:4      | Found a shattered altar of Ashenzari.
  3876 | D:4      | Mangled by an ogre

Skill      XL: |  1  2  3  4  5  6  7 |
---------------+----------------------+-----
Short Blades   | 1 2 |  2.5
Long Blades    | 1 2 |  2.5
Maces & Flails | 1 2 |  2.5
Polearms       | 1 2 |  2.5
Staves         | 1 2 |  2.5
Slings         | 1 2 |  2.5
Bows           | 1 2 |  2.5
Crossbows      | 1 2 |  2.5
Throwing       | 1 2 |  2.5
Stealth        | 1 2 |  2.5
Shields        | 1 2 |  2.5
Unarmed Combat | 1 2 |  2.5
Spellcasting   | 1 2 |  2.5
Evocations     | 1 2 |  2.5
Conjurations   | 1 2 |  2.0
Hexes          | 1 2 |  2.0
Charms         | 1 2 |  2.0
Summonings     | 1 2 |  2.0
Necromancy     | 1 2 |  2.0
Translocations | 1 2 |  2.0
Transmutations | 1 2 |  2.0
Fire Magic     | 1 2 |  2.0
Ice Magic      | 1 2 |  2.0
Air Magic      | 1 2 |  2.0
Earth Magic    | 1 2 |  2.0
Poison Magic   | 1 2 |  2.0
Dodging        | 3 |  3.6
Invocations    | 5 |  5.4
Axes           | 5 |  5.2
Armour         | 5 |  5.2
Fighting       | 7 |  7.0

Action                   |  1- 3 |  4- 6 |  7- 9 || total
-------------------------+-------+-------+-------++-------
Melee: Hand axe          |    86 |   121 |       ||   207
       Bite              |     4 |    18 |     9 ||    31
       Punch             |       |     2 |     2 ||     4
       War axe           |       |    23 |    52 ||    75
 Fire: Hunting sling     |       |    54 |       ||    54
Invok: Depart the Abyss  |     1 |       |       ||     1
  Use: Scroll            |     5 |     3 |     1 ||     9
       Potion            |     4 |     1 |     1 ||     6
  Eat: Ration            |       |     2 |     1 ||     3
Armor: Leather armour    |    17 |    25 |       ||    42
       Chain mail        |       |    23 |    34 ||    57
       Scale mail        |       |     6 |       ||     6
Dodge: Dodged            |    66 |   106 |    31 ||   203
